 Dungeon Crawl Stone Soup version 0.31-a0-1576-ga3383bade6 (webtiles) character file.

Game seed: 15829186327857594214

1314 MisterAzrael the Purveyor of Pain (level 8, -6/57 HPs)
             Began as a Hill Orc Necromancer on Jan 5, 2024.
             Was an Initiate of Kikubaaqudgha.
             Mangled by Pikel
             ... wielding a +0 whip of electrocution
              (20 damage)
             ... on level 6 of the Dungeon.
             The game lasted 00:11:22 (6234 turns).

MisterAzrael the Purveyor of Pain (HONe)            Turns: 6234, Time: 00:11:22

Health: -6/57      AC:  4    Str: 11    XL:     8   Next: 58%
Magic:  11/23      EV: 11    Int: 23    God:    Kikubaaqudgha [......]
Gold:   424        SH:  0    Dex:  9    Spells: 7/15 levels left

rFire   . . .        t - +7 whip of World Downfall {flame, Will+ rCorr Dex-2 Stlth+}
rCold   . . .        (no shield)
rNeg    . . .        a - +1 robe
rPois   .            w - +0 helmet
rElec   .            (no cloak)
rCorr   +            (no gloves)
SInv    .            (no boots)
Will    +....        l - amulet of magic regeneration
Stlth   ++           r - +6 ring of intelligence
HPRegen 0.29/turn    n - ring of magical power
MPRegen 0.58/turn

%: no passive effects
@: animating dead
A: no striking features
a: Renounce Religion


You were on level 6 of the Dungeon.
You worshipped Kikubaaqudgha.
Kikubaaqudgha was noncommittal.
You visited 2 branches of the dungeon, and saw 7 of its levels.

You collected 424 gold pieces.

Inventory:

Hand Weapons
 e - a +1 mace of chaos
 t - the +7 whip of World Downfall (weapon) {flame, Will+ rCorr Dex-2 Stlth+}
   (You found it on level 4 of the Dungeon)

   Dex-2:     It affects your dexterity (-2).
   Will+:     It increases your willpower.
   rCorr:     It protects you from acid and corrosion.
   Stlth+:    It makes you more stealthy.
Armour
 a - a +1 robe (worn)
 w - a +0 helmet (worn)
Jewellery
 h - a ring of poison resistance
 l - an amulet of magic regeneration (around neck)
 n - a ring of magical power (right hand)
 r - a +6 ring of intelligence (left hand)
Scrolls
 c - 2 scrolls of vulnerability
 f - a scroll of amnesia
 i - 6 scrolls of identify
 k - 2 scrolls of enchant armour
 m - a scroll of immolation
 o - 2 scrolls of enchant weapon
 u - 2 scrolls of fear
 y - a scroll of revelation
 z - a scroll of blinking {unknown}
Potions
 b - a potion of magic
 d - a potion of cancellation {unknown}
 g - a potion of berserk rage {unknown}
 j - a potion of might {unknown}
 p - 2 potions of resistance {unknown}
 q - a potion of haste {unknown}
 s - a potion of degeneration {unknown}
 v - a potion of experience {unknown}
 x - a potion of curing


   Skills:
 + Level 4.7 Maces & Flails
 - Level 1.5 Dodging
 - Level 1.5 Stealth
 + Level 4.2 Spellcasting
 * Level 8.5 Necromancy


You had 7 spell levels left.
You knew the following spells:

 Your Spells              Type           Power      Damage    Failure   Level
a - Necrotise             Necr           100%       1d9       1%          1
b - Vampiric Draining     Necr           44%        2d9       1%          3
c - Animate Dead          Necr           44%        N/A       3%          4

Your spell library contained the following spells:

 Spells                   Type           Power      Damage    Failure   Level
 Curse of Agony           Necr           44%        N/A       9%          5


Dungeon Overview and Level Annotations

Branches:
Dungeon (6/15)             Temple (1/1) D:5

Altars:
Ashenzari
Cheibriados
Elyvilon
Fedhas
Gozag
Hepliaklqana
Kikubaaqudgha
Makhleb
Nemelex Xobeh
Okawaru
Qazlal
Ru
Sif Muna
Uskayaw
Vehumet
Wu Jian
Xom
Yredelemnul
Zin

Annotations:
D:6 Pikel


Message History

Confirm with . or Enter, or press ? or * to list all spells.
Aiming: Vampiric Draining (safe; 1% risk of failure)
Press: ? - help, Shift-Dir - straight line, f - Pikel
Aim: Pikel, wielding a +0 whip of electrocution and wearing a +0 robe You draw life force from Pikel!
You feel life coursing into your body. The lemure hits you.
Pikel hits you with a +0 whip of electrocution.
You are electrocuted!!
Casting: Vampiric Draining (safe; 1% risk of failure)
Confirm with . or Enter, or press ? or * to list all spells.
Aiming: Vampiric Draining (safe; 1% risk of failure)
Press: ? - help, Shift-Dir - straight line, f/p - Pikel
Aim: Pikel, wielding a +0 whip of electrocution and wearing a +0 robe (moderately wounded)
You draw life force from Pikel!
You feel life coursing into your body. The lemure hits you but does no damage.
Pikel hits you with a +0 whip of electrocution.
Casting: Vampiric Draining (safe; 1% risk of failure)
Confirm with . or Enter, or press ? or * to list all spells.
Aiming: Vampiric Draining (safe; 1% risk of failure)
Press: ? - help, Shift-Dir - straight line, f/p - Pikel
Aim: Pikel, wielding a +0 whip of electrocution and wearing a +0 robe (heavily wounded)
You draw life force from Pikel!
You feel life coursing into your body. The lemure closely misses you.
Pikel hits you with a +0 whip of electrocution!
You are electrocuted!
* * * LOW HITPOINT WARNING * * *
Casting: Vampiric Draining (safe; 1% risk of failure)
Confirm with . or Enter, or press ? or * to list all spells.
Aiming: Vampiric Draining (safe; 1% risk of failure)
Press: ? - help, Shift-Dir - straight line, f/p - Pikel
Aim: Pikel, wielding a +0 whip of electrocution and wearing a +0 robe (severely wounded)
You draw life force from Pikel!
You feel life coursing into your body. The lemure closely misses you.
The lemure hits you.
* * * LOW HITPOINT WARNING * * *
Pikel hits you with a +0 whip of electrocution.
* * * LOW HITPOINT WARNING * * *
You are electrocuted!!
You die...
Pikel says, "Another soul for the market."
Kikubaaqudgha rasps: "You have failed me!
Welcome... death!"

#.........#
#.........#
#.........#
#.........#
#.........#
#.........#
#.........#
####..%......#####.
#.........5@K5.....
#.##.......55#####.
#.##.........#
##.##.........#
####..##.........#
.#....#############
>...### ###...#
....#....#


You could see Pikel and 4 lemures.

Vanquished Creatures
  A water moccasin (D:5)
  An ice beast (D:5)
  A black bear (D:6)
  An ogre (D:3)
  A phantom (D:4)
  A gnoll sergeant (D:5)
  A scorpion (D:5)
  2 howler monkeys (D:5)
  3 bombardier beetles (D:5)
  A jelly (D:4)
  A gnoll bouda (D:3)
  4 hounds (D:5)
  A sleepcap (D:5)
  4 orc wizards (D:5)
  Robin (D:2)
  8 gnolls
  5 adders
  A ribbon worm (D:5)
  2 dart slugs
  8 orcs
  3 bats
  6 endoplasms
  13 goblins
  10 hobgoblins
  7 jackals
  2 quokkas
  12 ball pythons
  4 frilled lizards
  4 kobolds
  3 rats
112 creatures vanquished.

Vanquished Creatures (collateral kills)
  An orc priest (D:5)
  A gnoll (D:5)
  An orc (D:5)
  A kobold (D:2)
  A ball python (D:4)
5 creatures vanquished.

Vanquished Creatures (others)
  A hound zombie (D:5)
  4 orc zombies
5 creatures vanquished.

Grand Total: 122 creatures vanquished

Notes
Turn   | Place    | Note
-------+----------+-------------------------------------------
     0 | D:1      | MisterAzrael the Hill Orc Necromancer began the quest for
                  | the Orb.
     0 | D:1      | Reached XP level 1. HP: 14/14 MP: 3/3
   270 | D:1      | Reached XP level 2. HP: 17/20 MP: 4/4
   449 | D:1      | Reached XP level 3. HP: 26/26 MP: 3/6
  1183 | D:2      | Found a faded altar of an unknown god.
  1354 | D:2      | Noticed Robin
  1359 | D:2      | Killed Robin
  1360 | D:2      | Reached skill level 5 in Necromancy
  1360 | D:2      | Reached XP level 4. HP: 33/33 MP: 2/7
  1516 | D:2      | Learned a level 3 spell: Vampiric Draining
  2830 | D:3      | Noticed an ogre
  2831 | D:3      | Found a shimmering altar of Xom.
  3005 | D:3      | Found an iron altar of Okawaru.
  3398 | D:3      | Killed an ogre
  3399 | D:3      | Reached skill level 1 in Maces & Flails
  3399 | D:3      | Reached XP level 5. HP: 38/38 MP: 9/9
  3552 | D:3      | Reached skill level 6 in Necromancy
  3554 | D:3      | Reached XP level 6. HP: 44/45 MP: 3/10
  3562 | D:3      | Learned a level 4 spell: Animate Dead
  4123 | D:4      | Identified the +7 whip of World Downfall {flame, Will+
                  | rCorr Dex-2 Stlth+}
  4889 | D:5      | Entered Level 5 of the Dungeon
  4895 | D:5      | Noticed a water moccasin
  4907 | D:5      | Reached XP level 7. HP: 48/50 MP: 11/11
  5230 | D:5      | Reached skill level 7 in Necromancy
  5457 | D:5      | Found a staircase to the Ecumenical Temple.
  5482 | Temple   | Entered the Ecumenical Temple
  5493 | Temple   | Became a worshipper of Kikubaaqudgha
  5590 | D:5      | Reached XP level 8. HP: 51/57 MP: 6/13
  5660 | D:5      | Identified the +1 ring mail of Hose {rPois Will+ Int+4}
  5833 | D:5      | Reached skill level 8 in Necromancy
  6224 | D:6      | Noticed Pikel
  6234 | D:6      | Mangled by Pikel

Illustrated notes

Levels and vault maps discovered:
D:1:      dpeg_arrival_circle_labyrinth_b, layout_basic,
          minmay_stone_trees_medium, glass_columns_b
D:2:      minmay_chambers_of_twos, layout_loops_ring,
          nicolae_ecumenical_pavilion, uniq_robin
D:3:      layout_loops_corners, nicolae_overflow_hidden_temple
D:4:      layout_basic, minmay_cut_off
D:5:      layout_gridville, minmay_temple_entry_proselytizer,
          minmay_fractal_squares_5
D:6:      layout_basic, serial_aquarium, aquarium_bridge_island_small
          [aquarium_subvault_small_open, aquarium_subvault_wall,
          aquarium_subvault_bridge, aquarium_subvault_wall,
          aquarium_subvault_wall], aquarium_window_1, aquarium_window_fake,
          aquarium_view_2f, aquarium_balcony_5a, uniq_eustachio, uniq_pikel
Temple:   bh_familiar_temple

Skill      XL: |  1  2  3  4  5  6  7  8 |
---------------+-------------------------+-----
Spellcasting   | 2 3 4 |  4.2
Necromancy     | 5 6 7 8 |  8.5
Maces & Flails | 1 2 3 4 |  4.7
Dodging        | |  1.5
Stealth        | |  1.5

Action                     |  1- 3 |  4- 6 |  7- 9 || total
---------------------------+-------+-------+-------++-------
  Melee: Mace              |    46 |    13 |       ||    59
         Unarmed           |     5 |       |       ||     5
         Whip              |       |    37 |    31 ||    68
         Punch             |       |     1 |       ||     1
   Cast: Necrotise         |    32 |    65 |    25 ||   122
         Vampiric Draining |       |    16 |    39 ||    55
         Animate Dead      |       |     2 |     3 ||     5
    Use: Scroll            |       |    11 |       ||    11
         Potion            |       |     1 |     1 ||     2
   Stab: Sleeping          |     2 |     2 |       ||     4
 Armour: Robe              |    40 |    72 |    72 ||   184
  Dodge: Dodged            |    44 |    56 |    30 ||   130

Table legend: (Time is in decaauts)
 A = Elapsed time spent in this place.
 B = Non-inter-level travel time spent in this place.
 C = Inter-level travel time spent in this place.
 D = Time resting spent in this place.
 E = Time spent auto-exploring this place.
 F = Levels seen in this place.
 G = Mean time per level.
                   A        B        C        D        E       F      G
               +--------+--------+--------+--------+--------+-----+--------+
         Total |   6256 |   6112 |    144 |   1080 |   3726 |   7 |  893.7 |
       Dungeon |   6234 |   6090 |    144 |   1080 |   3726 |   6 | 1039.0 |
        Temple |     21 |     21 |      0 |      0 |      0 |   1 |   21.0 |
               +--------+--------+--------+--------+--------+-----+--------+

Top non-repeatable levels by time:
     D:3: 1501 daAuts
     D:4: 1240 daAuts
     D:2: 1163 daAuts
     D:1: 1156 daAuts
     D:5: 1087 daAuts
     D:6: 84 daAuts
  Temple: 21 daAuts
